 Dungeon Crawl Stone Soup version 0.19-a0-1908-g43c011f (webtiles) character file.

4433 Lochraine the Basher (level 10, 0/90 HPs)
             Began as a Minotaur Berserker on Oct 22, 2016.
             Was an Elder of Trog.
             Succumbed to a gnoll sergeant's poison
             ... on level 8 of the Dungeon.
             The game lasted 00:18:50 (6012 turns).

Lochraine the Basher (Minotaur Berserker)           Turns: 6012, Time: 00:18:51

Health: 0/90       AC: 14    Str: 22    XL:     10   Next: 14%
Magic:  9/9        EV: 10    Int:  9    God:    Trog [****..]
Gold:   399        SH:  0    Dex: 13    Spells: 0 memorised, 9 levels left

rFire  . . .     SeeInvis .     b - +1 whip (flame)
rCold  + + .     Gourm    +     m - +0 plate armour
rNeg   . . .     Faith    .     (no shield)
rPois  .         Spirit   .     (helmet restricted)
rElec  .         Reflect  .     g - +0 cloak
rCorr  .         Harm     .     (no gloves)
MR     ++...                    (no boots)
Stlth  ..........               j - amulet of the gourmand
                                (no ring)
                                (no ring)

@: brilliant, lethally poisoned (0 -> -4), exhausted, flying, very slightly
contaminated, regenerating, hasted, drained, very quick
A: retaliatory headbutt, horns 2, cold resistance 2, evolution 1
a: Berserk, Trog's Hand, Brothers in Arms, Burn Spellbooks, Renounce Religion


You were on level 8 of the Dungeon.
You worshipped Trog.
Trog was greatly pleased with you.
You were very full.

You visited 1 branch of the dungeon, and saw 8 of its levels.

You collected 399 gold pieces.

Inventory:

Hand Weapons
 a - a +0 shortbow
 b - a +1 whip of flaming (weapon)
 H - a +0 mace
Missiles
 i - 117 arrows
 t - 12 bolts
Armour
 g - a +0 cloak (worn)
 m - a +0 plate armour (worn)
 v - a +0 animal skin
 B - the +1 robe "Porif" {Str+8, unknown}
   (You found it on level 7 of the Dungeon)

   It affects your strength (+8).
Rods
 R - a -2 lightning rod (9/9)
   (You found it on level 7 of the Dungeon)
Jewellery
 j - an amulet of the gourmand (around neck)
 E - an uncursed ring of fire {unknown}
 G - a +2 ring of dexterity {unknown}
Wands
 o - a wand of polymorph (10/24)
 p - a wand of iceblast (9/15)
 u - a wand of polymorph (17/24)
 y - a wand of polymorph (10/24)
 C - a wand of digging (7/24)
 D - a wand of flame (27/48)
 F - a wand of flame (20/48)
 I - a wand of flame (16/48)
 J - a wand of flame (7/48)
 L - a wand of teleportation (0/9)
 P - a wand of iceblast (8/15)
Scrolls
 k - 4 scrolls of amnesia
 r - a scroll of teleportation
 K - 2 scrolls of identify
 M - a scroll of fear {unknown}
 Q - a scroll of vulnerability {unknown}
 S - a scroll of enchant weapon {unknown}
Potions
 e - 2 potions of agility
 z - a potion of invisibility {unknown}
 A - a potion of cancellation
 N - a potion of curing {unknown}
Comestibles
 c - 6 bread rations
 f - 6 meat rations
 s - 3 beef jerkies
 x - a royal jelly
 O - 9 chunks of flesh


   Skills:
 + Level 8.8(8.2) Fighting
 * Level 11.6(11.0) Maces & Flails
 + Level 8.3(7.7) Armour
 + Level 7.5(7.0) Dodging


You had 9 spell levels left.
You didn't know any spells.

Dungeon Overview and Level Annotations

Branches:
Dungeon (8/15)             Temple (0/1) D:7
   Lair: D:8-11

Altars:
Ru
Trog
Xom
Zin
The Shining One

Shops:
D:7 (

Annotations:
D:4 Natasha


Innate Abilities, Weirdness & Mutations

You reflexively headbutt those who attack you in melee.
You have a pair of horns on your head.
Your flesh is very cold resistant. (rC++)
You evolve.


Message History

You feel somewhat less full.
* * * LOW HITPOINT WARNING * * *
You feel sick.
It was a potion of haste.
You feel yourself speed up.
* * * LOW HITPOINT WARNING * * *
You feel sick.
The gnoll sergeant hits you but does no damage.
You are more poisoned.
You are very lightly contaminated with residual magic.
* * * LOW HITPOINT WARNING * * *
You feel sick.
It was a potion of mutation.
You feel extremely strange.
You feel resistant to cold.
You feel more resistant to cold.
You feel nature experimenting on you.
Don't worry, failures die fast.
* * * LOW HITPOINT WARNING * * *
You feel sick. The gnoll sergeant barely misses you.
The wight closely misses you. You furiously retaliate!
You headbutt the wight, but do no damage.
It was a potion of berserk rage.
You're too exhausted to go berserk.
You die...

####.###.###'####
#.#..........#
#.#..........#
#.#..........#
#.#..........#
####.#..........#
รท....#........gg#
######.......[.z########
#..........@.......
.........########
#...###### #.## #.


You could see a gnoll sergeant, a wight and a gnoll.

Vanquished Creatures
  The ghost of PeterLawrence the Basher, a novice MiFi of Okawaru (D:6)
  Pikel (D:4)
  The ghost of CcS the Cleaver, a novice FoFi of Okawaru (D:5)
  A troll (D:8)
  Eustachio (D:5)
  Menkaure (D:5)
  A water moccasin (D:7)
  A slave (D:3)
  A necrophage (D:5)
  A phantom (D:5)
  2 wolves (D:8)
  2 ogres
  2 centaurs
  Blork the orc (D:4)
  6 bullfrogs
  A gnoll sergeant (D:6)
  A scorpion (D:5)
  A wyvern skeleton (D:7)
  8 wights
  A howler monkey (D:5)
  2 crimson imps (D:6)
  4 hounds
  2 jellies
  2 orc priests
  A bullfrog skeleton (D:5)
  Crazy Yiuf (D:3)
  5 orc wizards
  An iguana (D:7)
  Jessica (D:3)
  Ijyb (D:3)
  3 worker ants
  Natasha (D:4)
  A hound skeleton (D:6)
  11 gnolls
  12 adders
  2 shadow imps
  2 oozes (D:1)
  An adder skeleton (D:8)
  2 worms
  3 dart slugs
  3 leopard geckos
  30 orcs
  2 ball pythons
  4 bats
  5 giant cockroaches
  7 goblins
  6 hobgoblins
  12 jackals
  7 kobolds
  3 quokkas
  4 frilled lizards
  A leopard gecko skeleton (D:5)
  10 rats
187 creatures vanquished.

Vanquished Creatures (others)
  Natasha (D:4)
1 creature vanquished.

Grand Total: 188 creatures vanquished

Notes
Turn   | Place    | Note
-------+----------+-------------------------------------------
     0 | D:1      | Lochraine the Minotaur Berserker began the quest for the Orb.
     0 | D:1      | Reached XP level 1. HP: 19/19 MP: 0/0
   144 | D:1      | Reached XP level 2. HP: 16/27 MP: 1/1
   192 | D:1      | Reached skill level 4 in Maces & Flails
   561 | D:1      | Reached XP level 3. HP: 31/33 MP: 2/2
   920 | D:2      | Reached ** piety under Trog
  1193 | D:2      | Reached XP level 4. HP: 30/40 MP: 3/3
  1909 | D:3      | Noticed Ijyb
  1920 | D:3      | Killed Ijyb
  1920 | D:3      | Reached skill level 5 in Maces & Flails
  1998 | D:3      | Reached XP level 5. HP: 47/47 MP: 4/4
  2242 | D:3      | Noticed Jessica
  2255 | D:3      | Killed Jessica
  2297 | D:3      | Found a runed door.
  2637 | D:3      | Reached skill level 5 in Fighting
  2859 | D:3      | Noticed Crazy Yiuf
  2936 | D:3      | Killed Crazy Yiuf
  2936 | D:3      | Reached XP level 6. HP: 56/56 MP: 5/5
  3046 | D:4      | Reached *** piety under Trog
  3048 | D:4      | Reached skill level 6 in Maces & Flails
  3066 | D:4      | Noticed a slave
  3066 | D:4      | Noticed a slave
  3066 | D:4      | Noticed a slave
  3068 | D:4      | Noticed Pikel
  3068 | D:4      | Noticed a slave
  3094 | D:3      | Killed a slave
  3285 | D:4      | Killed Pikel
  3285 | D:4      | Reached skill level 7 in Maces & Flails
  3285 | D:4      | Reached skill level 5 in Armour
  3285 | D:4      | Reached XP level 7. HP: 62/62 MP: 6/6
  3604 | D:4      | Found a shimmering altar of Xom.
  3604 | D:4      | Found a glowing golden altar of the Shining One.
  3672 | D:4      | Noticed Natasha
  3676 | D:4      | Killed Natasha
  3717 | D:4      | Killed Natasha
  3810 | D:4      | Noticed Natasha
  3861 | D:4      | Found a bloodstained altar of Trog.
  3928 | D:5      | Entered Level 5 of the Dungeon
  3938 | D:5      | Noticed CcS's ghost (novice FoFi)
  3943 | D:5      | Killed CcS's ghost
  3943 | D:5      | Reached skill level 8 in Maces & Flails
  3943 | D:5      | Reached skill level 5 in Dodging
  3943 | D:5      | Reached XP level 8. HP: 70/70 MP: 7/7
  3967 | D:5      | Found a sacrificial altar of Ru.
  4019 | D:5      | Noticed Blork the orc
  4021 | D:5      | Noticed Eustachio
  4094 | D:4      | Killed Blork the orc
  4153 | D:5      | Noticed Menkaure
  4161 | D:5      | Killed Menkaure
  4205 | D:5      | Reached skill level 9 in Maces & Flails
  4255 | D:5      | Killed Eustachio
  4495 | D:5      | Found a glowing silver altar of Zin.
  4573 | D:6      | Reached **** piety under Trog
  4602 | D:6      | Reached XP level 9. HP: 73/79 MP: 8/8
  4811 | D:6      | Noticed PeterLawrence's ghost (novice MiFi)
  4820 | D:6      | Killed PeterLawrence's ghost
  4820 | D:6      | Reached skill level 10 in Maces & Flails
  5162 | D:7      | Got an ichor-stained robe
  5413 | D:7      | Reached skill level 11 in Maces & Flails
  5462 | D:7      | Found a staircase to the Ecumenical Temple.
  5715 | D:7      | Found Moihedd's Weapon Boutique.
  5925 | D:8      | Noticed a troll
  5949 | D:8      | Killed a troll
  5949 | D:8      | Reached XP level 10. HP: 90/90 MP: 9/9
  6007 | D:8      | HP: 3/90 [poisoned by a gnoll sergeant]
  6011 | D:8      | Gained mutation: Your flesh is cold resistant. (rC+) [potion of mutation]
  6011 | D:8      | Gained mutation: Your flesh is very cold resistant. (rC++) [potion of mutation]
  6011 | D:8      | Gained mutation: You evolve. [potion of mutation]
  6011 | D:8      | HP: 1/90 [poisoned by a gnoll sergeant]
  6012 | D:8      | Succumbed to a gnoll sergeant's poison

Vault maps used:
D:1:      dpeg_arrival_another_circle
D:3:      first_bread, uniq_jessica, uniq_crazy_yiuf_cottage, uniq_iyjb
D:4:      gammafunk_temple_overflow_pools, lightli_temple_of_fire, uniq_pikel,
          uniq_natasha
D:5:      nicolae_ru_sacrificial_ziggurat, zin_scriptorium, uniq_eustachio,
          uniq_menkaure, uniq_blork_the_orc
D:7:      serial_shops, nicolae_shop_stone, minmay_misc_feat_x
D:8:      lemuel_round_altar, kennysheep_mini_moat, erik_lair_island

Skill      XL: |  1  2  3  4  5  6  7  8  9 |
---------------+----------------------------+-----
Maces & Flails | 4 5 7 8 9 11 | 11.6
Fighting       | 4 5 6 7 8 |  8.8
Armour         | 3 5 6 8 |  8.3
Dodging        | 3 4 5 6 7 |  7.5

Action                   |  1- 3 |  4- 6 |  7- 9 | 10-12 || total
-------------------------+-------+-------+-------+-------++-------
Melee: Mace              |    70 |   139 |     1 |       ||   210
       Headbutt          |    10 |    29 |    88 |     6 ||   133
       Whip              |       |       |   394 |    31 ||   425
Invok: Berserk           |       |     4 |     9 |       ||    13
       Trog's Hand       |       |       |     2 |     2 ||     4
Evoke: Wand              |       |       |       |     2 ||     2
  Use: Scroll            |       |     5 |     2 |       ||     7
       Potion            |       |       |       |     8 ||     8
 Stab: Sleeping          |     1 |       |       |       ||     1
  Eat: Chunk             |    13 |    16 |    18 |       ||    47
Armor: Animal skin       |    16 |     2 |       |       ||    18
       Plate armour      |       |    78 |   193 |    10 ||   281
Dodge: Dodged            |    48 |    59 |   157 |    15 ||   279
